 Dungeon Crawl Stone Soup version 0.31.0-11-ge490571c62 (webtiles) character file.

Game seed: 6127600374898972581

15600 sanka the Warrior (level 12, -9/119 HPs)
             Began as a Minotaur Fighter on Feb 2, 2024.
             Was an Elder of the Shining One.
             Mangled by a skeletal warrior
             ... wielding a +0 glaive
              (12 damage)
             ... on level 12 of the Dungeon.
             The game lasted 00:18:22 (12170 turns).

sanka the Warrior (Minotaur Fighter)               Turns: 12170, Time: 00:18:24

Health: -9/119     AC: 26    Str: 24    XL:     12   Next: 2%
Magic:  0/11       EV:  7    Int:  5    God:    the Shining One [****..]
Gold:   902        SH: 13    Dex: 15    Spells: 11/11 levels left

rFire   . . .        a - +0 morningstar
rCold   . . .        J - +2 buckler
rNeg    + + .        K - +0 plate armour
rPois   +            (helmet restricted)
rElec   .            I - +2 cloak
rCorr   .            s - +1 pair of gloves {Str+3}
SInv    .            F - +2 pair of boots
Will    .....        (no amulet) Stlth
                     n - ring of flight
HPRegen 0.39/turn    m - ring of poison resistance
MPRegen 0.12/turn

%: no passive effects
@: divinely shielded, flying, glowing, studying Ranged Weapons
A: horns 2, retaliatory headbutt
a: Renounce Religion, Divine Shield, Cleansing Flame


You were on level 12 of the Dungeon.
You worshipped the Shining One.
The Shining One was greatly pleased with you.
You visited 2 branches of the dungeon, and saw 13 of its levels.
You also visited: Ossuary.

You collected 902 gold pieces.


Innate Abilities, Weirdness & Mutations

You have a pair of horns on your head.
You reflexively headbutt those who attack you in melee.


   Skills:
 - Level 15.0 Fighting
 - Level 12.0 Maces & Flails
 + Level 14.4 Armour
 - Level 3.6 Shields


You had 11 spell levels left.
You didn't know any spells.
Your spell library contained the following spells:

 Spells                   Type           Power      Damage    Failure   Level
 Apportation              Tloc           0%         N/A       99%         1
 Magic Dart               Conj           0%         1d3       99%         1
 Necrotise                Necr           0%         1d4       99%         1
 Slow                     Hex            0%         N/A       99%         1
 Sting                    Conj/Alch      0%         1d3       99%         1
 Summon Small Mammal      Summ           0%         N/A       99%         1
 Blink                    Tloc           0%         N/A       100%        2
 Call Imp                 Summ           0%         N/A       100%        2
 Lesser Beckoning         Tloc           0%         N/A       100%        2
 Mercury Vapours          Alch/Air       0%         N/A       100%        2
 Searing Ray              Conj           0%         2d4       100%        2
 Confusing Touch          Hex            0%         N/A       100%        3
 Gell's Gravitas          Tloc           0%         N/A       100%        3
 Sigil of Binding         Hex            0%         N/A       100%        3
 Teleport Other           Tloc           0%         N/A       100%        3
 Vampiric Draining        Necr           0%         2d6       100%        3
 Animate Armour           Summ/Erth      0%         N/A       100%        4
 Fulminant Prism          Conj/Alch      0%         3d5       100%        4
 Olgreb's Toxic Radiance  Alch           0%         N/A       100%        4
 Summon Lightning Spire   Summ/Air       0%         N/A       100%        4
 Lee's Rapid Deconstruct  Erth           0%         3d4*      100%        5

Inventory:

Hand Weapons
 a - a +0 morningstar (weapon)
 i - the +2 whip of Pain and Death {freeze, rF+ Int+3}

   Int+3:     It affects your intelligence (+3).
   rF+:       It protects you from fire.
 p - a +4 flail
 N - a +0 flail of protection
Missiles
 e - 3 curare-tipped darts {=f}
Armour
 s - a +1 pair of gloves of strength (worn)
 F - a +2 pair of boots (worn)
 I - a +2 cloak (worn)
 J - a +2 buckler (worn)
 K - a +0 plate armour (worn)
Jewellery
 m - a ring of poison resistance (right hand)
 n - a ring of flight (left hand)
Wands
 l - a wand of flame (65)
 L - a wand of light (4)
 M - a wand of paralysis (6)
Scrolls
 c - 3 scrolls of teleportation {@r4}
 g - 3 scrolls of enchant weapon
 j - 4 scrolls of enchant armour
 k - 2 scrolls of immolation {!r}
 o - 3 scrolls of brand weapon
 q - a scroll of vulnerability {!r}
 u - 2 scrolls of revelation
 y - 2 scrolls of fog
 D - a scroll of noise {!r}
 E - a scroll of fear
 G - 2 scrolls of blinking
Potions
 b - a potion of lignification {unknown}
 d - a potion of might
 h - a potion of magic {unknown}
 r - 2 potions of attraction {unknown}
 v - 2 potions of berserk rage {unknown}
 w - 6 potions of heal wounds {@q2}
 x - 2 potions of ambrosia {unknown}
 z - a potion of resistance {unknown}
 C - a potion of mutation {unknown}
 H - 2 potions of curing {@q1}

Dungeon Overview and Level Annotations

Branches:
Dungeon (11/15)            Temple (1/1) D:5            Lair (0/5) D:11
    Orc (0/2) D:10        Ossuary (visited)

Altars:
Ashenzari
Cheibriados
Dithmenos
Elyvilon
Fedhas
Gozag
Hepliaklqana
Kikubaaqudgha
Makhleb
Nemelex Xobeh
Okawaru
Qazlal
Ru
Sif Muna
Trog
Uskayaw
Vehumet
Wu Jian
Xom
Yredelemnul
Zin
The Shining One

Shops:
D:3 :

Portals:
Trove: D:10 (give +4 ice dragon scales)

Annotations:
D:7 2 runed translucent doors, xelsha's ghost, novice GnAE
D:10 exclusion: downstairs
D:11 exclusion: downstairs

▒...................
▒...▒▒▒▒▒.....T.....
▒...▒ ▒....▒▒▒▒▒▒▒
▒▒..▒ ▒........ ▒..▒
▒....p.z. ▒..▒
▒.▒.....p ▒..▒ ▒.▒
..... ▒▒.▒ ▒z▒ ....
▒H▒ ▒p▒ ... ▒p▒ ▒.▒
.# ▒z▒▒▒▒▒†▒ #
▒...p.z.▒ ▒.......▒
▒.......▒ ▒.......▒
▒.▒▒▒▒▒.▒ ▒.▒ ▒.▒


You could see a death knight and a skeletal warrior.


Message History

* * * LOW HITPOINT WARNING * * *
Unknown command.
You thump the death knight!
The death knight is severely wounded.
You block the death knight's attack.
Unknown command.
You hit the death knight.
The death knight is severely wounded.
The skeletal warrior hits you from afar with a +0 glaive.
* * * LOW HITPOINT WARNING * * *
The death knight invokes the aid of Yredelemnul against you.
You struggle to resist.
Unknown command.
You completely miss the death knight. You headbutt the death knight!
The death knight is severely wounded.
The skeletal warrior barely misses you.
You hit the death knight but do no damage.
You headbutt the death knight.
The death knight is severely wounded.
The death knight barely misses you.
The skeletal warrior hits you but does no damage.
You hit the death knight. You headbutt the death knight.
The death knight is almost dead.
The death knight hits you with a +4 antimagic battleaxe!!
* * * LOW HITPOINT WARNING * * *
You feel your power leaking away.
The skeletal warrior hits you from afar with a +0 glaive!
You die...

Action                     |  1- 3 |  4- 6 |  7- 9 | 10-12 || total
---------------------------+-------+-------+-------+-------++-------
  Melee: Flail             |    84 |    94 |   363 |   356 ||   897
         Headbutt          |     9 |    16 |    65 |   142 ||   232
         Whip              |     2 |       |       |       ||     2
         Morningstar       |       |       |       |   149 ||   149
 Invoke: Divine Shield     |       |       |       |     1 ||     1
  Evoke: Wand              |       |       |       |     2 ||     2
    Use: Scroll            |       |       |       |    16 ||    16
         Potion            |       |       |       |     1 ||     1
 Armour: Scale mail        |    45 |    24 |       |       ||    69
         Chain mail        |       |    36 |   216 |   114 ||   366
         Plate armour      |       |       |       |   298 ||   298
  Dodge: Dodged            |    38 |    25 |    97 |   134 ||   294
  Block: Buckler           |    23 |    19 |    70 |   147 ||   259

Levels and vault maps discovered:
D:1:      enne_arrival_octagon_isle, layout_loops_corners
D:2:      layout_loops_ring
D:3:      layout_basic, shapermc_ecumenical_altar_mp_ritualfount, serial_shops,
          nicolae_shop_temple_entry_statues_fountains, uniq_sigmund,
          uniq_natasha
D:4:      layout_basic, gup_ossuary_entry_pyramid, uniq_menkaure
D:5:      layout_loops_corners, temple_pool_b, minmay_manual_mail
D:6:      layout_layer_cave, uniq_crazy_yiuf_cottage
D:7:      layout_basic, grunt_gozag_statues, mainiacjoe_overflow_catwalk,
          ebering_ghost_disaster_area, ebering_dispersal_statue_hall,
          dreamdust_princess_corridor, hangedman_decor_lopped,
          minmay_fractal_squares_diagonal_5, uniq_joseph, uniq_duvessa,
          uniq_pikel
D:8:      layout_cave_pods
D:9:      layout_stronghold, serial_undead, serial_undead_f, serial_undead_f,
          serial_undead_f, serial_undead_d
D:10:     layout_irregular_city, erik_orc_1, enter_trove_5,
          chequers_serial_rivers_marsh
D:11:     layout_roguey, erik_lair_orcish_takeover, introduction_to_nature_2
D:12:     cheibrodos_tormentor_scu, layout_irregular_city, uniq_psyche
Temple:   mainiacjoe_temple_cubbyholes

Notes
Turn   | Place    | Note
-------+----------+-------------------------------------------
     0 | D:1      | sanka the Minotaur Fighter began the quest for the Orb.
     0 | D:1      | Reached XP level 1. HP: 19/19 MP: 0/0
   127 | D:1      | Reached skill level 4 in Fighting
   127 | D:1      | Reached skill level 3 in Maces & Flails
   127 | D:1      | Reached XP level 2. HP: 26/27 MP: 1/1
   969 | D:2      | Reached skill level 4 in Maces & Flails
   969 | D:2      | Reached XP level 3. HP: 33/33 MP: 2/2
  1073 | D:2      | Identified the +2 whip of Pain and Death {freeze, rF+
                  | Int+3}
  1739 | D:3      | Noticed Sigmund
  1749 | D:3      | Killed Sigmund
  1750 | D:3      | Reached skill level 7 in Maces & Flails
  1750 | D:3      | Reached XP level 4. HP: 36/40 MP: 3/3
  1750 | D:3      | Reached XP level 5. HP: 41/46 MP: 4/4
  2117 | D:3      | Found Heomor's Book Shop.
  2144 | D:3      | Found a faded altar of an unknown god.
  2195 | D:3      | Reached XP level 6. HP: 41/52 MP: 5/5
  2245 | D:3      | Noticed Natasha
  2251 | D:3      | Killed Natasha
  2506 | D:3      | Noticed Natasha
  2511 | D:3      | Killed Natasha
  2512 | D:3      | Reached skill level 8 in Maces & Flails
  2658 | D:3      | Noticed Natasha
  2662 | D:3      | Killed Natasha
  2906 | D:4      | Noticed Menkaure
  2915 | D:4      | Killed Menkaure
  2916 | D:4      | Reached skill level 9 in Maces & Flails
  2916 | D:4      | Reached XP level 7. HP: 18/59 MP: 6/6
  3085 | D:4      | Found a sand-covered staircase.
  3090 | D:4      | Reached skill level 10 in Maces & Flails
  3093 | Ossuary  | Entered an ossuary
  3263 | Ossuary  | Reached skill level 11 in Maces & Flails
  3291 | Ossuary  | Reached XP level 8. HP: 66/66 MP: 7/7
  4258 | D:5      | Entered Level 5 of the Dungeon
  4289 | D:5      | Reached skill level 12 in Maces & Flails
  4294 | D:5      | Reached skill level 4 in Armour
  4348 | D:5      | Reached skill level 5 in Fighting
  4389 | D:5      | Noticed a hornet
  4400 | D:5      | Killed a hornet
  4401 | D:5      | Reached skill level 6 in Fighting
  4401 | D:5      | Reached skill level 5 in Armour
  4791 | D:5      | Found a staircase to the Ecumenical Temple.
  4865 | D:5      | Reached skill level 7 in Fighting
  5063 | D:5      | Identified the +7 rapier of Iconoclasm {protect, rPois
                  | Str+3 Int+5}
  5161 | D:5      | Reached XP level 9. HP: 78/79 MP: 8/8
  5387 | Temple   | Entered the Ecumenical Temple
  5420 | Temple   | Became a worshipper of the Shining One
  5554 | D:6      | Reached skill level 6 in Armour
  5589 | D:6      | Reached skill level 8 in Fighting
  6432 | D:6      | Found a runed translucent door.
  6433 | D:6      | Noticed Crazy Yiuf
  6440 | D:6      | Killed Crazy Yiuf
  6656 | D:7      | Noticed Joseph
  6682 | D:7      | Killed Joseph
  6683 | D:7      | Reached skill level 9 in Fighting
  6683 | D:7      | Reached skill level 7 in Armour
  6728 | D:7      | Reached * piety under the Shining One
  6792 | D:7      | Found a burning altar of Makhleb.
  6835 | D:7      | Noticed Dowan
  6835 | D:7      | Noticed Duvessa
  6853 | D:7      | Killed Duvessa
  6854 | D:7      | Reached skill level 10 in Fighting
  6856 | D:7      | Killed Dowan
  6890 | D:7      | Reached skill level 8 in Armour
  7046 | D:7      | Reached XP level 10. HP: 94/94 MP: 9/9
  7048 | D:7      | Reached skill level 11 in Fighting
  7080 | D:7      | Found an opulent altar of Gozag.
  7114 | D:7      | Noticed Pikel
  7151 | D:7      | Killed Pikel
  7178 | D:7      | Found a large runed translucent door.
  7178 | D:7      | Found a large runed translucent door.
  7180 | D:7      | Noticed xelsha's ghost (novice GnAE)
  7666 | D:8      | Reached ** piety under the Shining One
  7685 | D:8      | Reached skill level 12 in Fighting
  7692 | D:8      | Reached skill level 9 in Armour
  8844 | D:9      | Reached *** piety under the Shining One
  8852 | D:9      | Reached skill level 13 in Fighting
  9065 | D:9      | Reached skill level 10 in Armour
  9208 | D:9      | Reached XP level 11. HP: 105/108 MP: 10/10
  9244 | D:9      | Reached skill level 14 in Fighting
  9248 | D:9      | Reached **** piety under the Shining One
  9519 | D:10     | Entered Level 10 of the Dungeon
  9909 | D:10     | Noticed a vault guard
  9917 | D:10     | Killed a vault guard
  9918 | D:10     | Reached skill level 11 in Armour
  9991 | D:10     | Found a portal to a secret trove of treasure.
 10002 | D:10     | Noticed a two-headed ogre
 10009 | D:10     | Killed a two-headed ogre
 10374 | D:10     | Found a staircase to the Orcish Mines.
 10382 | D:10     | Reached skill level 15 in Fighting
 10733 | D:11     | Reached skill level 12 in Armour
 10844 | D:11     | Found a staircase to the Lair.
 11045 | D:11     | Paralysed by a hornet for 3 turns
 11201 | D:11     | Noticed an oklob plant
 11239 | D:11     | Killed an oklob plant
 11552 | D:11     | Reached skill level 13 in Armour
 11658 | D:11     | You are sucked into a shaft and drop 1 floor!
 11995 | D:12     | Noticed Psyche
 12005 | D:12     | Killed Psyche
 12006 | D:12     | Reached skill level 14 in Armour
 12123 | D:12     | Noticed a death knight
 12123 | D:12     | Noticed a death knight
 12123 | D:12     | Noticed a skeletal warrior
 12158 | D:12     | Killed a death knight
 12158 | D:12     | HP: 11/112 [skeletal warrior/+0 glaive (11)]
 12159 | D:12     | Reached XP level 12. HP: 12/119 MP: 7/11
 12170 | D:12     | HP: 3/119 [death knight/+4 antimagic battleaxe (25)]
 12170 | D:12     | Mangled by a skeletal warrior

Vanquished Creatures
  A vault guard (D:10)
  A death knight (D:12)
  A two-headed ogre (D:10)
  Pikel (D:7)
  An oklob plant (D:11)
  A cyclops (D:11)
  A manticore (D:12)
  Joseph (D:7)
  4 unseen horror zombies (D:9)
  A kobold demonologist (D:9)
  Psyche (D:12)
  2 trolls (D:10)
  3 hornets
  A wraith (D:8)
  Sigmund (D:3)
  9 yaks
  2 shadows
  A vampire (D:12)
  A warg (D:11)
  4 vampire mosquitoes
  A steam dragon (D:7)
  Menkaure (D:4)
  An acid dragon (D:11)
  Duvessa (D:7)
  3 water moccasins
  A swamp drake (D:10)
  4 ice beasts
  2 orc warriors
  3 sky beasts
  2 black bears
  2 wolves (D:11)
  5 ogres
  3 centaurs
  A lemure (D:7)
  A phantom (D:7)
  3 bullfrogs
  2 gnoll sergeants
  2 scorpions
  17 wights
  Dowan (D:7)
  11 killer bees
  An oklob sapling (D:11)
  3 howler monkeys
  An electric eel (D:9)
  7 bullfrog zombies (Ossuary)
  4 hounds
  9 orc priests
  3 bombardier beetles (D:4)
  3 jellies
  2 centaur zombies (D:9)
  2 gnoll boudas (D:9)
  Crazy Yiuf (D:6)
  A sleepcap (D:7)
  5 iguanas
  Natasha (thrice) (D:3)
  5 orc wizards
  A killer bee zombie (D:9)
  4 crocodile zombies (Ossuary)
  3 hound zombies (Ossuary)
  3 howler monkey zombies
  6 mummies
  9 adders
  18 gnolls
  2 shadow imps
  4 ufetubi (D:6)
  3 dart slugs
  2 ribbon worms (D:3)
  31 orcs
  9 endoplasms
  3 giant cockroaches
  7 goblins
  5 hobgoblins
  9 jackals
  12 kobolds
  2 quokkas
  11 ball pythons
  8 ball python zombies (Ossuary)
  4 bats (D:3)
  3 frilled lizards (D:1)
  2 rats (D:1)
316 creatures vanquished.
